 Dungeon Crawl Stone Soup version 0.16.2-12-gd0ad4c3 (console) character file.

885980 casual the Portalist (level 27, -29/218 HPs)
             Began as a Demonspawn Fighter on Nov 2, 2017.
             Was the Champion of Cheibriados.
             Annihilated by an apis (30 damage)
             ... on level 25 of a ziggurat on Nov 4, 2017.
             The game lasted 03:59:25 (76207 turns).

casual the Portalist (Demonspawn Fighter)          Turns: 76207, Time: 03:59:26

Health: -29/218    AC: 36    Str: 38    XL:     27
Magic:  14/45      EV: 28    Int: 48    God:    Cheibriados [******]
Gold:   4655       SH: 24    Dex: 30    Spells: 11 memorised, 5 levels left

rFire  + + .     SeeInvis .     g - +9 broad axe (elec)
rCold  + . .     Clarity  .     Z - +5 fire dragon armour of Nemelex Xobeh {rF++ rC- rCorr Str+7 Slay+3}
rNeg   + . .     SustAb   +     W - +6 shield of the Beginning {Str-3 Int+4}
rPois  .         Gourm    .     K - +1 helmet of the Nine Spirits {rC+ MR+ Slay+6}
rElec  .         Spirit   .     U - +2 cloak {MR+}
rCorr  +         Warding  .     u - +2 pair of gloves of Devotion {Regen+}
rMut   +         Stasis   .     (boots unavailable)
MR     +++..                    b - amulet of resist mutation
Stlth  +++.......               c - ring "Caisuhie" {SustAb Dex+3 Stlth+}
                                Y - ring of Schopn Kinuhe {rC+ MR- Int+6 Slay+6 Stlth-}

@: glowing, studying Stealth, deflect missiles, very slow, extremely resistant
to hostile enchantments, fairly stealthy
A: hooves 3, iridescent scales 3, breathe flames 2, clever 1, negative energy
resistance 1, powered by death 3, robust 1, spiny 3, spit poison 1, 50% torment
resistance, black mark, placid magic 2
a: Spit Poison, Bend Time, Temporal Distortion, Slouch, Step From Time, Renounce
Religion, Breathe Fire
}: 6/15 runes: decaying, slimy, silver, golden, abyssal, gossamer


You were on level 25 of a ziggurat.
You worshipped Cheibriados.
Cheibriados was exalted by your worship.
You were not hungry.

You visited 13 branches of the dungeon, and saw 64 of its levels.
You visited the Abyss 1 time.
You visited 1 bazaar.
You visited 1 ziggurat, and saw 25 of its levels.
You also visited: Trove, Sewer and Ice Cave.

You collected 15865 gold pieces.
You spent 11210 gold pieces at shops.

Inventory:

Hand weapons
 g - a +9 broad axe of electrocution (weapon)
 i - a cursed +0 dagger of distortion
 X - a +9 broad axe of chopping
Armour
 r - a +2 robe of the Archmagi
 u - the +2 pair of gloves of Devotion (worn) {Regen+}
   (You found it in a treasure trove)

   It increases your rate of regeneration.
 K - the +1 helmet of the Nine Spirits (worn) {rC+ MR+ Slay+6}
   (You found it on level 7 of the Dungeon)

   It affects your accuracy and damage with ranged weapons and melee attacks
   (+6).
   It protects you from cold.
   It affects your resistance to hostile enchantments.
 U - a +2 cloak of magic resistance (worn)
 W - the +6 shield of the Beginning (worn) {Str-3 Int+4}
   (You found it on level 6 of the Pits of Slime)

   It affects your strength (-3).
   It affects your intelligence (+4).
 Z - the +5 fire dragon armour of Nemelex Xobeh (worn) {rF++ rC- rCorr Str+7 Slay+3}
   (You bought it in a shop on level 4 of the Dungeon)

   It affects your strength (+7).
   It affects your accuracy and damage with ranged weapons and melee attacks
   (+3).
   It greatly protects you from fire.
   It makes you vulnerable to cold.
   It protects you from acid and corrosion.
Magical staves
 G - an uncursed staff of energy
Jewellery
 b - an amulet of resist mutation (around neck)
 c - the ring "Caisuhie" (right hand) {SustAb Dex+3 Stlth+}
   (You bought it in a shop on level 12 of the Dungeon)

   [ring of sustain abilities]

   It sustains your strength, intelligence and dexterity.
   It affects your dexterity (+3).
   It makes you more stealthy.
 v - an uncursed ring of see invisible
 S - the amulet of Enirytza {Ward rElec rF+ rN+ Dex+2}
   (You bought it in a shop on level 4 of the Dungeon)

   [amulet of warding]

   It may prevent the melee attacks of summoned creatures.
   It affects your dexterity (+2).
   It protects you from fire.
   It insulates you from electricity.
   It protects you from negative energy.
 Y - the ring of Schopn Kinuhe (left hand) {rC+ MR- Int+6 Slay+6 Stlth-}
   (You found it on level 23 of a ziggurat)

   [ring of loudness]

   It affects your intelligence (+6).
   It affects your accuracy and damage with ranged weapons and melee attacks
   (+6).
   It protects you from cold.
   It affects your resistance to hostile enchantments.
   It makes you less stealthy.
Magical devices
 e - a wand of invisibility (3)
 n - a wand of heal wounds (3)
 t - a wand of teleportation (1)
 y - a wand of teleportation (3)
 J - a wand of digging (19)
Scrolls
 a - 31 scrolls of remove curse
 f - 10 scrolls of enchant armour
 k - 26 scrolls of teleportation
 o - 15 scrolls of fear
 q - 26 scrolls of fog
 s - 14 scrolls of recharging
 B - a scroll of acquirement
 C - 15 scrolls of blinking
 D - 13 scrolls of magic mapping
 F - 6 scrolls of immolation
 P - 7 scrolls of enchant weapon
 V - 3 scrolls of summoning
Potions
 j - 7 potions of brilliance
 l - 21 potions of curing
 p - 5 potions of flight
 w - 15 potions of heal wounds
 z - 5 potions of might
 E - 2 potions of cancellation
 I - 2 potions of invisibility
 L - 5 potions of agility
 N - 3 potions of magic
 O - 5 potions of mutation
 Q - 5 potions of cure mutation
 R - 5 potions of resistance
 T - 7 potions of restore abilities
Books
 h - a manual of Stealth
 x - a book of Annihilations {highlevel}

   This book is beyond your current level of understanding.

   Spells                             Type                      Level
   a - Poison Arrow                   Conjuration/Poison           6
   b - Chain Lightning                Conjuration/Air              8
   c - Lehudib's Crystal Spear        Conjuration/Earth            8
   d - Glaciate                       Conjuration/Ice              9
   e - Fire Storm                     Conjuration/Fire             9
 H - a book of the Sky

   Spells                             Type                      Level
   a - Flight                         Charms/Air                   3
   b - Airstrike                      Air                          4
   c - Silence                        Hexes/Air                    5
   d - Deflect Missiles               Charms/Air                   6
   e - Conjure Ball Lightning         Conjuration/Air              6
   f - Tornado                        Air                          9
Miscellaneous
 m - a disc of storms
Comestibles
 d - 34 bread rations
 M - 6 royal jellies


   Skills:
 + Level 12.7 Fighting
 - Level 18.1 Axes
 + Level 14.1 Armour
 + Level 14.5 Dodging
 - Level 17.3 Stealth
 + Level 16.5 Shields
 + Level 18.0 Spellcasting
 - Level 7.8 Charms
 - Level 15.7 Necromancy
 - Level 24.4 Translocations
 - Level 15.4 Transmutations
 - Level 7.8 Air Magic
 - Level 17.9 Invocations
 - Level 15.6 Evocations


You had 5 spell levels left.
You knew the following spells:

 Your Spells              Type           Power        Failure   Level  Hunger
a - Necromutation         Trmt/Necr      #######...   1%          8    None
b - Ozocubu's Armour      Chrm/Ice       #####...     0%          3    None
c - Flight                Chrm/Air       ######....   0%          3    None
d - Controlled Blink      Tloc           N/A          0%          7    None
e - Phase Shift           Tloc           #######...   0%          5    None
f - Disjunction           Tloc           #######...   0%          8    None
g - Deflect Missiles      Chrm/Air       ######....   1%          6    None
h - Control Teleport      Chrm/Tloc      #######...   0%          4    None
i - Apportation           Tloc           #######...   0%          1    None
j - Regeneration          Chrm/Necr      ######....   0%          3    None
o - Singularity           Tloc           #######...   1%          9    ####...


Dungeon Overview and Level Annotations

Branches:
Dungeon (15/15)            Temple (1/1) D:6            Lair (8/8) D:10
  Swamp (5/5) Lair:5       Spider (5/5) Lair:3        Slime (6/6) Lair:6
    Orc (4/4) D:10            Elf (3/3) Orc:3        Vaults (5/5) D:13
  Crypt (3/3) Vaults:3       Tomb (3/3) Crypt:3      Depths (5/5) D:15
   Hell (1/1)                 Dis (0/7) Hell            Geh (0/7) Hell
    Coc (0/7) Hell            Tar (0/7) Hell            Zot (0/5) Depths:5

Altars:
Ashenzari
Cheibriados
Dithmenos
Elyvilon
Fedhas
Gozag
Kikubaaqudgha
Makhleb
Nemelex Xobeh
Okawaru
Qazlal
Ru
Sif Muna
Trog
Vehumet
Xom
Yredelemnul
Zin
The Shining One
Beogh
Jiyva

Shops:
D:4 =[*=(   D:8 [   D:12 =   D:13 :*   Orc:3 }!(   Orc:4 ([:[(   Elf:1 *
Elf:3 !   Vaults:3 [   Depths:4 *   Depths:5 *

Portals:
Hell: Depths:1 Depths:2 Depths:3 Depths:4 Depths:5
Abyss: Depths:1 Depths:2 Depths:4
Pandemonium: Depths:1 Depths:2 Depths:3 Depths:5

Annotations:
Zig:25 exclusion: oklob plant


Innate Abilities, Weirdness & Mutations

You have hooves in place of feet.
You are completely covered in iridescent scales (AC +8).
You resist negative energy.
You can steal the life force of all defeated enemies in sight.
You are completely covered in sharp spines.
You are somewhat able to resist unholy torments (1 in 2 success).
Your melee attacks sometimes drain vitality from your foes.
You can breathe fire.
Your mind is acute. (Int +2)
You are robust (+10% HP).
You can spit poison.
Your spells are easier to cast, but less powerful.


Message History

You can feel time thicken for a moment.
You feel somewhat more hungry.
You are engulfed in blessed fire.
* * * LOW HITPOINT WARNING * * *
You block the pearl dragon's attack. The pearl dragon claws you!
* * * LOW HITPOINT WARNING * * *
The pearl dragon sears you!
* * * LOW HITPOINT WARNING * * *
You block the apis' attack. The apis gores your singularity!!
The daeva barely misses you. The daeva hits you but does no damage.
You block the apis' attack.
The pearl dragon bites you but does no damage.
You block the pearl dragon's attack. The apis is struck by your spines.
The apis completely misses you.
The daeva calls down the wrath of the Shining One upon you.
Something smites you!
* * * LOW HITPOINT WARNING * * *
The apis gores you!!
* * * LOW HITPOINT WARNING * * *
The apis sears you!!
You die...

▓...............
▓................
▓.................
▓...........).....
▓..........)).....
▓...A..............
▓∩...GY*..........P
▓....AYYY.........P
▓.....G@AG)....G..
▓.....DDYA).......
▓......A..........
▓................
▓...........A...
▓............Y.
▓▓▓▓▓▓▓▓▓▓▓▓▓.


You could see 6 apis, 3 daevas, 2 pearl dragons, 4 ophanim and 3 cherubim.

Vanquished Creatures
  the royal jelly (Slime:6)
  10 ancient liches
  Mara (Depths:4)
  24 greater mummies
  Boris (twice) (Depths:4 Tomb:1)
  Sojobo (Depths:5)
  Margery (Crypt:1)
  Norris (Elf:3)
  A curse toe (Zig:13)
  Mennas (Depths:4)
  Geryon (Hell)
  6 golden dragons
  The ghost of casual the Blinker, a great DsFi of Cheibriados (Crypt:3)
  Jory (Depths:4)
  2 profane servitors
  6 bone dragons
  2 pearl dragons (Zig:25)
  A Brimstone Fiend (Zig:17)
  2 hellephants
  13 liches
  5 pandemonium lords (Zig:17)
  9 tentacled monstrosities
  12 titans
  6 deep elf blademasters
  Asterion (Swamp:2)
  4 deep elf master archers
  A quicksilver dragon (Depths:4)
  9 tentacled starspawn
  7 sphinxes
  3 Shadow Fiends
  22 acid blobs
  4 Executioners
  5 octopode crushers
  A kraken (Abyss:1)
  Rupert (Vaults:2)
  14 ancient champions
  2 thorn hunters
  4 shadow dragons
  4 revenants
  4 storm dragons
  Frances (Swamp:4)
  11 fire giants
  Roxanne (D:15)
  A draconian monk (Depths:5)
  15 azure jellies
  14 tengu reavers
  9 frost giants
  5 balrugs
  Donald (Vaults:2)
  An orc warlord (Orc:4)
  Wiglaf (Swamp:2)
  A daeva (Zig:25)
  2 iron dragons
  19 emperor scorpions
  3 draconian knights
  2 draconian scorchers
  7 ghost moths
  Louise (Swamp:4)
  19 vault wardens
  9 deep elf sorcerers
  A frost giant (shapeshifter) (Zig:17)
  A draconian zealot (Zig:11)
  A greater naga (Zig:14)
  Gastronok (D:11)
  An angel (Zig:25)
  7 rakshasas
  25 very ugly things
  Jorgrun (Elf:3)
  11 ghouls
  3 draconian annihilators (Zig:11)
  An ophan (Zig:25)
  2 draconian shifters (Zig:11)
  10 reapers
  2 salamander firebrands (Hell)
  14 ironheart preservers
  3 war gargoyles
  A draconian caller (Abyss:1)
  18 stone giants
  3 green draconians
  2 blood saints (Zig:15)
  A black draconian (Depths:5)
  8 dire elephants
  9 deep elf demonologists
  3 apis (Zig:25)
  7 bennus
  A pale draconian (Abyss:1)
  3 white draconians (Depths:5)
  2 mottled draconians
  2 lorocyprocas
  A yellow draconian (Depths:5)
  6 vampire knights
  14 deep elf annihilators
  3 unborn
  5 eidola
  2 merfolk javelineers
  13 deep elf death magi
  18 mummy priests
  2 minotaurs
  A very ugly thing zombie (Vaults:4)
  5 blizzard demons
  8 death oozes
  20 ettins
  12 great orbs of eyes
  9 crystal guardians (Depths:3)
  A merfolk impaler (Depths:2)
  Josephine (Orc:4)
  20 yaktaur captains
  6 fire dragons
  2 death cobs (Crypt:3)
  11 ice dragons
  26 jiangshi
  3 deep elf high priests
  3 green deaths
  A quicksilver dragon zombie (Depths:4)
  A ghost crab (Swamp:3)
  26 vault guards
  Fannar (Lair:4)
  30 hydras
  A quicksilver dragon skeleton (Abyss:1)
  Harold (Orc:2)
  4 spriggan air magi
  3 hell beasts
  Erica (Lair:3)
  A fulminant prism (Zig:17)
  A ghost crab (shapeshifter) (Depths:2)
  14 centaur warriors
  An anaconda (Depths:5)
  4 deep troll earth magi
  11 dancing weapons (Elf:2)
  A spectral fire giant (Crypt:3)
  3 merfolk aquamancers
  A spectral stone giant (Depths:2)
  7 alligators
  38 death yaks
  13 ogre magi
  3 orc high priests
  A death knight (Crypt:3)
  A spectral dire elephant (Crypt:3)
  3 titan zombies
  3 deep troll shamans
  4 spriggan berserkers
  2 storm dragon zombies
  7 hell hogs
  8 vampire magi
  2 iron golems (Hell)
  30 deep elf knights
  A titan skeleton (Crypt:1)
  11 thrashing horrors
  16 soul eaters
  10 wretched stars
  4 sun demons
  2 fire crabs
  A spectral anaconda (Crypt:3)
  Erolcha (Orc:4)
  14 deep trolls
  8 iron trolls
  13 shadow wraiths
  3 death drakes
  A cherub (Zig:25)
  6 ice devils
  52 skeletal warriors
  2 quicksilver dragon simulacra
  4 spatial maelstroms
  2 sea snakes (Zig:5)
  9 hill giants
  6 giant orange brains
  A putrid demonspawn (Depths:5)
  12 hell knights
  3 anaconda zombies
  60 death scarabs
  An unseen horror (shapeshifter) (Depths:3)
  2 spriggan druids
  3 shadow demons
  17 ironbrand convokers
  17 deep elf summoners
  A naga ritualist (Zig:15)
  3 ice statues (IceCv)
  6 shambling mangroves
  A sphinx zombie (Zig:13)
  10 swamp dragons
  5 unseen horrors
  14 flayed ghosts
  20 orc knights
  A lindwurm (shapeshifter) (Depths:3)
  6 shining eyes
  15 wizards
  11 anubis guards
  2 griffons
  A hill giant (shapeshifter) (Depths:5)
  31 orb spiders
  40 ugly things
  2 deathcaps (Zig:13)
  19 phantasmal warriors
  A draconian zombie (Zig:15)
  A cyclops (shapeshifter) (Vaults:4)
  7 orc sorcerers
  A spectral ettin (Tomb:3)
  22 necromancers
  9 cyclopes
  A stone giant zombie (Hell)
  23 deep elf conjurers
  13 hornets
  2 mana vipers (Tomb:1)
  46 wolf spiders
  6 sixfirhies
  A salamander (Depths:4)
  3 eyes of devastation
  A hell hog zombie (Hell)
  2 frost giant zombies
  An iron dragon skeleton (Zig:13)
  A fire giant zombie (Tomb:1)
  6 black mambas
  An ugly thing skeleton (Vaults:4)
  A manticore (shapeshifter) (Vaults:5)
  5 worldbinders
  A draconian skeleton (Zig:15)
  A hornet (shapeshifter) (Depths:5)
  A stone giant skeleton (Crypt:3)
  2 manticores
  4 moths of wrath
  A sphinx skeleton (Depths:4)
  A shock serpent zombie (Crypt:2)
  2 tengu skeletons
  18 elephants
  3 frost giant skeletons
  Joseph (D:8)
  11 smoke demons
  A drowned soul (Abyss:3)
  A queen ant (Spider:1)
  2 apocalypse crabs
  8 rust devils
  2 fire giant skeletons (Crypt:1)
  14 vault sentinels
  A naga mage (D:15)
  A siren (Abyss:3)
  5 kobold demonologists
  2 octopodes (shapeshifter)
  2 orange demons
  A demonspawn skeleton (Zig:15)
  6 molten gargoyles
  7 torpor snails
  2 hellions
  10 komodo dragons
  Psyche (D:13)
  A merfolk zombie (Zig:15)
  37 large abominations
  A yaktaur (shapeshifter) (Zig:20)
  5 centaur skeletons
  An efreet (Abyss:1)
  A shock serpent skeleton (Crypt:1)
  71 yaktaurs
  25 spiny frogs
  11 trolls
  2 queen bees (shapeshifter)
  32 demonic crawlers
  6 fire drakes
  6 ancient zymes
  2 tormentors
  3 hellwings
  2 tengu conjurers (D:15)
  18 deep elf priests
  21 freezing wraiths
  2 red devils
  4 hydra zombies
  29 guardian mummies
  A harpy zombie (D:15)
  3 silent spectres
  6 wandering mushrooms (Zig:13)
  A ghoul skeleton (Crypt:1)
  A wolf spider simulacrum (Tomb:2)
  A ghost moth simulacrum (Tomb:3)
  31 two-headed ogres
  A polar bear (shapeshifter) (Elf:1)
  Sonja (D:11)
  A fire giant simulacrum (Crypt:2)
  A harpy skeleton (Crypt:3)
  Grinder (D:3)
  10 giant leeches
  15 blue devils
  10 air elementals
  6 hydra skeletons
  12 boulder beetles
  An ice dragon zombie (Tomb:3)
  6 ushabtiu
  A basilisk (D:12)
  A fire dragon zombie (Crypt:1)
  An alligator zombie (Hell)
  An ettin zombie (Zig:20)
  109 slime creatures
  66 flying skulls
  10 bog bodies
  A frost giant simulacrum (Crypt:2)
  50 jumping spiders
  A jumping spider (shapeshifter) (Zig:4)
  14 ravens
  3 baby alligators (Swamp:5)
  A stone giant simulacrum (Vaults:2)
  2 black mamba zombies
  A hornet zombie (D:15)
  A snapping turtle (shapeshifter) (Depths:1)
  A snapping turtle (Zig:5)
  A basilisk (shapeshifter) (Elf:1)
  A trapdoor spider (shapeshifter) (Vaults:4)
  31 yaks
  17 blink frogs
  A spriggan (shapeshifter) (Elf:3)
  11 raiju
  25 trapdoor spiders
  A fire dragon skeleton (Tomb:3)
  An ice dragon skeleton (Abyss:1)
  47 tarantellas
  12 water elementals
  2 ettin skeletons
  9 humans (Vaults:4)
  15 wraiths
  An orc simulacrum (Vaults:1)
  3 alligator skeletons
  85 redbacks
  A yak (shapeshifter) (Zig:22)
  3 fire bats (Depths:4)
  32 shadows
  6 ynoxinuls
  3 black mamba skeletons
  33 deep elf magi
  14 vampires
  4 wyverns
  5 fire elementals (Hell)
  25 vampire mosquitoes
  Eustachio (D:7)
  8 spriggans
  11 golden eyes
  12 neqoxecs
  A steam dragon (D:8)
  10 hippogriffs
  6 hungry ghosts
  38 deep elf fighters
  A hippogriff (shapeshifter) (Vaults:1)
  10 chaos spawn
  10 wargs
  3 soldier ants (Spider:1)
  22 swamp worms
  16 wolves
  9 insubstantial wisps
  A putrid demonspawn zombie (Crypt:2)
  6 mottled dragons
  Edmund (D:8)
  Menkaure (D:5)
  25 water moccasins
  A gelid demonspawn skeleton (Crypt:1)
  7 spatial vortices (Abyss:1)
  21 swamp drakes
  11 ice beasts
  A water moccasin (shapeshifter) (Vaults:1)
  A hydra simulacrum (Hell)
  A spiny frog zombie (Hell)
  65 orc warriors
  34 spiders
  11 eyes of draining
  22 small abominations
  4 sky beasts
  A black bear (D:9)
  An ice dragon simulacrum (Tomb:3)
  A snapping turtle zombie (Crypt:1)
  7 wasps
  8 human zombies
  6 phantoms
  9 porcupines
  17 necrophages
  A sky beast (shapeshifter) (D:15)
  26 crocodiles
  A hog zombie (Crypt:2)
  2 lost souls (Elf:3)
  An anubis guard skeleton (Crypt:2)
  3 boring beetles
  A boring beetle (shapeshifter) (Depths:1)
  4 elf skeletons
  27 centaurs
  2 ettin simulacra
  A vampire mosquito zombie (Vaults:2)
  Sigmund (D:5)
  Duvessa (D:7)
  8 big kobolds
  65 ogres
  A spiny frog simulacrum (Hell)
  An earth elemental (Abyss:3)
  2 gnoll sergeants
  Blork the orc (D:8)
  A wyvern zombie (D:13)
  6 yaktaur skeletons (Vaults:4)
  A yaktaur zombie (Vaults:2)
  A glowing shapeshifter simulacrum (Depths:4)
  44 giant frogs
  A water moccasin zombie (Crypt:2)
  A vine stalker skeleton (Crypt:2)
  A komodo dragon skeleton (Crypt:2)
  3 wyvern skeletons
  A tengu zombie (Zig:15)
  A naga zombie (Zig:15)
  10 scorpions
  A boulder beetle zombie (Vaults:2)
  16 wights
  2 human simulacra
  57 jellies
  32 killer bees
  A spriggan zombie (Tomb:1)
  A hippogriff skeleton (Crypt:1)
  15 crimson imps
  6 quasits
  8 centaur zombies
  8 electric eels
  Dowan (D:7)
  2 goliath beetles
  30 starcursed masses
  5 iron imps
  A lava snake (Elf:2)
  2 giant frog zombies
  12 hounds
  A giant frog skeleton (D:11)
  5 elf zombies
  32 worker ants
  29 hell rats
  2 spriggan simulacra (IceCv)
  2 kobold skeletons (Vaults:4)
  7 iguanas
  54 orc priests
  56 orc wizards
  8 human skeletons
  4 troll simulacra (IceCv)
  A killer bee zombie (Crypt:1)
  41 sheep
  3 necrophage skeletons
  A crocodile skeleton (Crypt:2)
  3 hound zombies
  3 hound skeletons
  41 mummies
  13 gnolls
  An ogre simulacrum (IceCv)
  34 adders
  3 naga simulacra (IceCv)
  50 river rats
  15 white imps
  4 giant mites
  8 worms
  5 shadow imps
  10 ufetubi
  3 adder zombies
  2 adder skeletons
  14 giant geckos
  4 oozes
  305 orcs
  4 ball pythons
  14 bats
  A bat skeleton (D:5)
  20 hobgoblins
  19 jackals
  41 kobolds
  10 giant cockroaches
  A giant gecko skeleton (D:6)
  10 giant newts
  A giant newt (shapeshifter) (Abyss:1)
  A giant spore (D:13)
  22 goblins
  A goblin zombie (Orc:4)
  17 orc zombies
  16 quokkas
  2 quokka skeletons
  A quokka zombie (D:6)
  19 rats
  13 ballistomycetes
  4 briar patches
  A bush (Zig:24)
  8 crawling corpses
  13 fungi
  9 plants
  13 starspawn tentacles
  4 tentacles (Abyss:1)
4531 creatures vanquished.

Vanquished Creatures (collateral kills)
  Mara (twice) (Depths:4)
  4 ancient liches
  5 pandemonium lords (Zig:17)
  10 greater mummies
  2 Killer Klowns (Zig:17)
  The ghost of casual the Severer, a great DsFi of Cheibriados (Vaults:5)
  A pearl dragon (Zig:25)
  Frederick (Depths:3)
  4 tentacled monstrosities
  A Shadow Fiend (Zig:13)
  5 deep elf blademasters (Zig:22)
  3 liches
  4 deep elf master archers
  A titan (Zig:20)
  2 acid blobs (Slime:6)
  A tengu reaver (Zig:18)
  A sphinx (Zig:10)
  4 ancient champions
  5 revenants
  A shadow dragon (Depths:1)
  A daeva (Zig:25)
  An azure jelly (Slime:6)
  2 vault wardens
  A fire giant (Depths:2)
  3 deep elf sorcerers
  A draconian scorcher (Zig:15)
  A greater naga (Zig:14)
  3 draconian knights
  A ghost moth (Zig:19)
  A frost giant (Depths:1)
  6 reapers
  2 ironheart preservers
  13 emperor scorpions
  3 ghouls
  2 war gargoyles
  2 angels (Zig:25)
  A stone giant (Depths:1)
  7 very ugly things
  A draconian annihilator (Zig:15)
  A draconian caller (Zig:11)
  A stone giant (shapeshifter) (Zig:17)
  A white draconian (Zig:11)
  7 deep elf demonologists
  A bennu (Tomb:3)
  A purple draconian (Zig:11)
  An eidolon (Zig:24)
  2 dire elephants
  A pale draconian (Zig:11)
  2 lorocyprocas
  9 deep elf annihilators
  A deep elf death mage (Zig:24)
  2 blizzard demons
  3 vampire knights
  3 ettins
  An ettin (shapeshifter) (Vaults:5)
  A death ooze (Slime:6)
  A merfolk impaler (Depths:1)
  3 crystal guardians
  10 vault guards (Vaults:5)
  A quicksilver dragon zombie (Tomb:1)
  A fire dragon (Zig:20)
  8 mummy priests
  A great orb of eyes (Slime:6)
  A minotaur (Depths:1)
  6 yaktaur captains
  10 deep elf high priests
  3 jiangshi
  A spectral tengu (Zig:24)
  A catoblepas (Zig:7)
  An ice dragon (Depths:2)
  A spriggan air mage (Zig:15)
  A hydra (shapeshifter) (Zig:20)
  A merfolk aquamancer (Zig:15)
  A deep troll earth mage (Depths:3)
  A fulminant prism (Zig:17)
  A death knight (Zig:24)
  7 ogre magi
  A vampire mage (Zig:9)
  2 death yaks (Depths:3)
  5 deep troll shamans
  A hell hog (Hell)
  A thrashing horror (Zig:21)
  2 orc high priests
  5 soul eaters
  3 sun demons
  A storm dragon zombie (Tomb:2)
  A wretched star (Zig:21)
  13 deep elf knights
  A fire crab (Zig:20)
  A titan skeleton (Tomb:1)
  6 skeletal warriors
  2 cherubim (Zig:25)
  6 shadow wraiths
  6 ice devils
  An unseen horror (Zig:21)
  27 death scarabs
  7 deep trolls
  2 swamp dragons (Zig:8)
  A shambling mangrove (Zig:24)
  An ice statue (Hell)
  2 shadow demons
  10 deep elf summoners
  19 anubis guards
  3 orc knights
  A shadow dragon zombie (Tomb:1)
  25 deep elf conjurers
  A wolf spider zombie (Tomb:1)
  3 naga ritualists
  An ironbrand convoker (Zig:18)
  4 flayed ghosts
  A mana viper (shapeshifter) (Zig:10)
  2 hornets (Zig:19)
  3 orc sorcerers
  2 phantasmal warriors
  4 necromancers
  10 ugly things
  A spectral ice dragon (Tomb:1)
  10 vault sentinels
  5 smoke demons
  A guardian serpent (shapeshifter) (Zig:17)
  3 sixfirhies
  A stone giant skeleton (Hell)
  6 rust devils
  3 apocalypse crabs (Zig:17)
  2 torpor snails (Zig:15)
  2 orange crystal statues
  An eye of devastation (Zig:23)
  2 komodo dragons
  3 yaktaurs
  5 orange demons
  A hellion (Hell)
  5 naga magi
  A spiny frog (Zig:7)
  A troll (Vaults:3)
  5 demonic crawlers
  13 guardian mummies
  9 deep elf priests
  7 freezing wraiths
  2 two-headed ogres
  A demonic crawler zombie (Hell)
  A harpy zombie (Crypt:1)
  A giant leech (Zig:8)
  5 red devils
  4 tengu conjurers
  11 slime creatures
  A raven (Zig:8)
  A golden dragon simulacrum (Zig:24)
  3 jumping spiders
  A harpy skeleton (Tomb:1)
  2 bog bodies (Zig:8)
  12 ushabtiu
  A basilisk (Zig:7)
  2 trapdoor spiders (Zig:19)
  A blink frog (Zig:7)
  2 ynoxinuls (Zig:21)
  A wraith (Zig:20)
  11 flying skulls
  7 shadows
  4 tarantellas (Zig:22)
  A hippogriff (Zig:7)
  7 redbacks
  15 deep elf fighters
  A tarantella (shapeshifter) (Zig:22)
  15 deep elf magi
  5 chaos spawn
  A human (Vaults:4)
  4 neqoxecs
  7 small abominations
  5 vampires
  2 hungry ghosts (Tomb:2)
  9 large abominations
  A spectral spiny frog (Tomb:3)
  4 vampire mosquitoes
  A spatial vortex (Zig:17)
  A warg (Zig:18)
  A water moccasin (Zig:7)
  A spider (Zig:19)
  4 ice beasts
  5 necrophages
  5 orc warriors
  6 ogres
  A phantom (Tomb:3)
  A wight (Tomb:1)
  A crimson imp (Hell)
  4 jellies (Zig:23)
  3 human skeletons
  An orc priest (Vaults:3)
  An iron imp (Zig:21)
  15 hell rats
  27 mummies
  A shadow imp (Zig:21)
  A naga simulacrum (Tomb:1)
  A white imp (Vaults:4)
  4 ufetubi (Zig:21)
  4 orcs
  A spectral bat (Zig:24)
  14 briar patches (Zig:2)
  A bush (Zig:24)
  18 crawling corpses
757 creatures vanquished.

Vanquished Creatures (others)
  3 eldritch tentacles
  A fire giant (Zig:20)
  A deep elf sorcerer (Zig:15)
  A stone giant (Zig:20)
  A deep elf death mage (Zig:9)
  A vault guard (Vaults:5)
  A yaktaur captain (Zig:10)
  A rakshasa (Depths:4)
  An ice dragon (Depths:4)
  A skeletal warrior (Hell)
  A flayed ghost (Zig:24)
  7 death scarabs (Tomb:3)
  An unseen horror (Zig:21)
  An anubis guard (Tomb:2)
  A wizard (Zig:14)
  A drowned soul (Abyss:3)
  An orange demon (Zig:15)
  A demonic crawler (Zig:19)
  2 guardian mummies (Tomb:2)
  An ushabti (Tomb:3)
  A jumping spider (Zig:19)
  A two-headed ogre (Depths:2)
  A tarantella (Elf:2)
  A redback (Zig:19)
  7 flying skulls
  An air elemental (Depths:5)
  A golden eye (Slime:4)
  A deep elf fighter (Zig:16)
  A large abomination (Zig:17)
  An elf zombie (Zig:20)
  A boring beetle (Zig:15)
  7 lost souls
  An orc wizard (D:14)
  2 jellies (Zig:23)
  A hell rat (Zig:12)
  6 mummies (Tomb:2)
  An adder (Lair:4)
  An orc (D:4)
  6 giant spores
  A jackal skeleton (D:7)
  A lurking horror (Abyss:1)
  2 ballistomycetes
  A bush (Zig:24)
  A crawling corpse (Zig:16)
  223 eldritch tentacle segments
  33 fungi
  21 plants
  150 singularities
  12 starspawn tentacles
  152 starspawn tentacle segments
  3 tentacles (Abyss:1)
  224 tentacle segments (Abyss:1)
895 creatures vanquished.

Grand Total: 6183 creatures vanquished

Notes
Turn   | Place    | Note
--------------------------------------------------------------
     0 | D:1      | casual, the Demonspawn Fighter, began the quest for the Orb.
     0 | D:1      | Reached XP level 1. HP: 18/18 MP: 1/1
    57 | D:1      | Gained mutation: You are partially covered in iridescent scales (AC +4). [demonic ancestry]
    57 | D:1      | Reached XP level 2. HP: 8/24 MP: 2/2
   940 | D:2      | Reached XP level 3. HP: 12/29 MP: 3/3
  1354 | D:2      | Found a glowing golden altar of the Shining One.
  1639 | D:2      | Gained mutation: You can steal the life force of nearby defeated enemies. [demonic ancestry]
  1639 | D:2      | Reached XP level 4. HP: 15/35 MP: 4/4
  1843 | D:2      | Found a shadowy altar of Dithmenos.
  1908 | D:2      | Reached skill level 1 in Dodging
  2322 | D:3      | Noticed Grinder
  2332 | D:3      | Paralysed by Grinder for 4 turns
  2349 | D:3      | Killed Grinder
  2349 | D:3      | Reached skill level 4 in Fighting
  2349 | D:3      | Gained mutation: You are mostly covered in iridescent scales (AC +6). [demonic ancestry]
  2349 | D:3      | Reached XP level 5. HP: 7/42 MP: 5/5
  2349 | D:3      | Gained mutation: You are partially covered in sharp spines. [demonic ancestry]
  2349 | D:3      | Reached XP level 6. HP: 8/48 MP: 6/6
  3224 | D:4      | Found Xoojy's Antique Armour Boutique.
  3231 | D:4      | Found Cesuomaa's Jewellery Shop.
  3266 | D:4      | Bought a shimmering scale mail for 216 gold pieces
  3276 | D:4      | Identified the cursed -2 scale mail "Plainkoe" {Contam rCorr Str-2 Int+5 Slay+2} (You bought it in a shop on level 4 of the Dungeon)
  3332 | D:4      | Got an amethyst-encrusted scale mail
  3420 | D:4      | Found Qionosie's Weapon Boutique.
  3606 | D:4      | Reached XP level 7. HP: 46/55 MP: 7/7
  3623 | D:4      | Found a glowing drain.
  3634 | Sewer    | Entered a sewer
  3903 | Sewer    | Got a scintillating silver amulet
  4088 | Sewer    | Identified the amulet of Departure {+Rage rF+ Str-3 Dex+3} (You found it in a sewer)
  4247 | D:4      | Found an ancient bone altar of Kikubaaqudgha.
  4314 | D:4      | Found Feadda's Jewellery Emporium.
  4400 | D:4      | Found Lukyf's General Store.
  5013 | D:5      | Entered Level 5 of the Dungeon
  5019 | D:5      | Reached skill level 5 in Fighting
  5019 | D:5      | Gained mutation: You are mostly covered in sharp spines. [demonic ancestry]
  5019 | D:5      | Reached XP level 8. HP: 60/62 MP: 8/8
  5038 | D:5      | Noticed Sigmund
  5055 | D:5      | Killed Sigmund
  5219 | D:5      | Reached skill level 5 in Armour
  5241 | D:5      | Found a shattered altar of Ashenzari.
  5329 | D:5      | Noticed Menkaure
  5342 | D:5      | Killed Menkaure
  5342 | D:5      | Reached skill level 5 in Shields
  6183 | D:6      | Reached skill level 6 in Fighting
  6374 | D:6      | Found a staircase to the Ecumenical Temple.
  6387 | Temple   | Entered the Ecumenical Temple
  6664 | D:6      | Reached XP level 9. HP: 50/69 MP: 9/9
  6712 | D:6      | Reached skill level 5 in Dodging
  7526 | D:4      | Bought a pair of gloves for 108 gold pieces
  7603 | D:7      | Found an iron altar of Okawaru.
  7605 | D:7      | Noticed Dowan
  7606 | D:7      | Noticed Duvessa
  7614 | D:7      | Killed Duvessa
  7621 | D:7      | Killed Dowan
  7802 | D:7      | Reached skill level 5 in Axes
  7917 | D:7      | Found a stormy altar of Qazlal.
  7961 | D:7      | Got a faintly glowing helmet
  7994 | D:7      | Identified the +1 helmet of the Nine Spirits {rC+ MR+ Slay+6} (You found it on level 7 of the Dungeon)
  8036 | D:7      | Reached skill level 7 in Fighting
  8116 | D:7      | Noticed Eustachio
  8128 | D:7      | Killed Eustachio
  8178 | D:7      | Identified the +2 scale mail of the Stallion {rElec rC- Str+3 Dex+4} (You found it on level 4 of the Dungeon)
  8622 | D:8      | Gained mutation: You have large cloven feet. [demonic ancestry]
  8622 | D:8      | Reached XP level 10. HP: 79/79 MP: 10/10
  8632 | D:8      | Found a burning altar of Makhleb.
  8632 | D:8      | Found a glowing silver altar of Zin.
  8635 | D:8      | Noticed an angel
  8635 | D:8      | Noticed a cacodemon
  8707 | D:8      | Noticed Edmund
  8713 | D:8      | Killed Edmund
  8763 | D:8      | Noticed Blork the orc
  8767 | D:8      | Killed Blork the orc
  8798 | D:8      | Found Qulafoq's Armour Emporium.
  8805 | D:8      | Found a glowing golden altar of the Shining One.
  8806 | D:8      | Found a shimmering altar of Xom.
  8878 | D:8      | Found an opulent altar of Gozag.
  9164 | D:8      | Noticed Joseph
  9174 | D:8      | Killed Joseph
  9950 | D:9      | Reached skill level 8 in Fighting
 10472 | D:9      | Found a snail-covered altar of Cheibriados.
 10481 | D:9      | Became a worshipper of Cheibriados the Contemplative
 11036 | D:9      | Found a bloodstained altar of Trog.
 11237 | D:9      | Gained mutation: You have hoof-like feet. [demonic ancestry]
 11237 | D:9      | Reached XP level 11. HP: 86/86 MP: 11/11
 11573 | D:10     | Entered Level 10 of the Dungeon
 11699 | D:10     | Found a staircase to the Lair.
 11699 | D:10     | Noticed a hill giant
 11703 | D:10     | Was placed under penance by Cheibriados
 11709 | D:10     | Killed a hill giant
 11709 | D:10     | Was forgiven by Cheibriados
 11762 | D:10     | Found a staircase to the Orcish Mines.
 11870 | D:10     | Acquired Cheibriados' first power
 11892 | D:10     | Noticed a wizard
 11893 | D:10     | Noticed a wizard
 11897 | D:10     | Noticed a wizard
 11898 | D:10     | Killed a wizard
 11899 | D:10     | Killed a wizard
 11904 | D:10     | Killed a wizard
 11941 | D:10     | Identified the Incunabulum of Combed Thunderclap
 11950 | D:10     | Identified the Grimoire of Axaxaxas mlö
 12494 | D:10     | Identified Ts'ui Pên's Compendium of Forking Paths
 12585 | D:11     | Noticed Gastronok
 12615 | D:11     | Killed Gastronok
 12756 | D:11     | Killed an unseen horror
 12790 | D:11     | Learned a level 6 spell: Deflect Missiles
 12814 | D:11     | Reached skill level 9 in Axes
 13098 | D:11     | Noticed Sonja
 13111 | D:11     | Killed Sonja
 13520 | Orc:1    | Entered Level 1 of the Orcish Mines
 13526 | Orc:1    | Acquired Cheibriados' second power
 13733 | Orc:1    | Acquired Cheibriados' third power
 13878 | Orc:2    | Noticed Erolcha
 13913 | Orc:2    | Reached skill level 1 in Invocations
 13975 | Lair:1   | Entered Level 1 of the Lair of Beasts
 14020 | Lair:1   | Reached XP level 12. HP: 73/95 MP: 14/14
 14217 | Lair:1   | Acquired Cheibriados' fourth power
 14948 | Lair:2   | Identified a scroll of acquirement
 14973 | Lair:2   | Noticed a four-headed hydra
 14978 | Lair:2   | Killed a four-headed hydra
 15274 | Lair:3   | Noticed Erica
 15284 | Lair:3   | Killed Erica
 15284 | Lair:3   | Reached skill level 10 in Axes
 15517 | Lair:3   | Reached skill level 5 in Invocations
 15626 | Lair:3   | Noticed a six-headed hydra
 15633 | Lair:3   | Killed a nine-headed hydra
 15736 | Lair:3   | Found a hole to the Spider Nest.
 15743 | Lair:3   | Reached skill level 11 in Axes
 16371 | Lair:4   | Noticed Fannar
 16399 | Lair:4   | Killed Fannar
 16429 | Lair:4   | Reached XP level 13. HP: 98/101 MP: 25/25
 16610 | Lair:4   | Noticed a six-headed hydra
 16618 | Lair:4   | Killed a nine-headed hydra
 17350 | Lair:5   | Reached skill level 10 in Invocations
 17812 | D:4      | Bought the ring "Hoxtyn" {rPois rF+ MR+} for 459 gold pieces
 18243 | Lair:5   | Reached skill level 12 in Axes
 18537 | Lair:5   | Found a staircase to the Swamp.
 18549 | Lair:5   | Reached XP level 14. HP: 108/108 MP: 27/29
 18820 | Lair:6   | Found a staircase to the Slime Pits.
 18866 | Lair:6   | Reached skill level 13 in Axes
 19112 | Lair:6   | Found a runed door.
 20248 | Lair:8   | Entered Level 8 of the Lair of Beasts
 20309 | Lair:8   | Reached skill level 14 in Axes
 20357 | Lair:8   | Found a frozen archway.
 20381 | IceCv    | Entered an ice cave
 20719 | IceCv    | Identified a +2 pair of boots of running (You found it in an ice cave)
 20923 | Lair:8   | Gained mutation: You are completely covered in iridescent scales (AC +8). [demonic ancestry]
 20923 | Lair:8   | Reached XP level 15. HP: 113/113 MP: 30/30
 21049 | Lair:8   | Reached skill level 15 in Axes
 21532 | Lair:8   | Reached skill level 16 in Axes
 22028 | Orc:2    | Noticed Harold
 22041 | Orc:2    | Killed Harold
 22068 | Orc:2    | You fall through a shaft for 2 floors!
 22068 | Orc:4    | Entered Level 4 of the Orcish Mines
 22214 | Orc:3    | Found Bashewna's Gadget Boutique.
 22317 | Orc:3    | Found Blealesk's Weapon Shop.
 22360 | Orc:3    | Found Tricaddazil's Distillery.
 22362 | Orc:3    | Found a staircase to the Elven Halls.
 22735 | Orc:3    | Found a roughly hewn altar of Beogh.
 23682 | Orc:4    | Noticed Josephine
 23691 | Orc:4    | Killed Josephine
 23762 | Orc:4    | Found a roughly hewn altar of Beogh.
 23772 | Orc:4    | Found Fyhiynac's Antique Armour Emporium.
 23795 | Orc:4    | Found a roughly hewn altar of Beogh.
 23797 | Orc:4    | Found Miaqamn's Book Emporium.
 23863 | Orc:4    | Found Dudeujod's Weapon Emporium.
 24280 | Orc:4    | Found a roughly hewn altar of Beogh.
 24342 | Orc:4    | Killed Erolcha
 24358 | Orc:4    | Found a roughly hewn altar of Beogh.
 24412 | Orc:4    | Found a roughly hewn altar of Beogh.
 24461 | Orc:4    | Reached skill level 17 in Axes
 24562 | Orc:4    | Found a roughly hewn altar of Beogh.
 24562 | Orc:4    | Found Tarapn's Antique Armour Shop.
 24564 | Orc:4    | Found Ceuch's Antique Weapon Boutique.
 24914 | D:4      | Bought a scroll of identify for 20 gold pieces
 24914 | D:4      | Bought a scroll of identify for 20 gold pieces
 24928 | D:4      | Bought a faintly humming fire dragon armour for 1560 gold pieces
 24930 | D:4      | Identified the +5 fire dragon armour of Nemelex Xobeh {rF++ rC- rCorr Str+7 Slay+3} (You bought it in a shop on level 4 of the Dungeon)
 25084 | D:4      | Bought an uncursed ring of protection from cold for 275 gold pieces
 25118 | D:4      | Bought a wand of heal wounds (4) for 480 gold pieces
 25410 | Elf:1    | Entered Level 1 of the Elven Halls
 25556 | Elf:1    | Noticed a Shadow Fiend
 25617 | Elf:1    | Identified the Reference Book on Summoning
 25928 | Elf:1    | Found Jynoogon's Assorted Antiques.
 26357 | Elf:1    | Gained mutation: You have hooves in place of feet. [demonic ancestry]
 26357 | Elf:1    | Reached XP level 16. HP: 88/120 MP: 31/31
 26479 | Elf:2    | Reached skill level 18 in Axes
 26751 | Elf:2    | Reached skill level 1 in Spellcasting
 26767 | Elf:2    | Found a huge runed gate.
 26767 | Elf:2    | Found a huge runed gate.
 26768 | Elf:2    | Found a huge runed gate.
 26769 | Elf:2    | Found a huge runed gate.
 26772 | Elf:2    | Found a huge runed gate.
 27112 | Elf:2    | Noticed a deep elf blademaster
 27122 | Elf:2    | Killed a deep elf blademaster
 27415 | Elf:3    | Entered Level 3 of the Elven Halls
 27415 | Elf:3    | Noticed Jorgrun
 27422 | Elf:3    | Killed Jorgrun
 27471 | Elf:3    | Noticed Norris
 27486 | Elf:3    | Killed Norris
 27486 | Elf:3    | Reached skill level 10 in Dodging
 27486 | Elf:3    | Reached skill level 5 in Spellcasting
 27590 | Elf:3    | Found Stiopp's Distillery.
 27971 | Elf:3    | Noticed a deep elf master archer
 28004 | Elf:3    | Killed a deep elf master archer
 28065 | Elf:3    | Gained mutation: Your spells are a little easier to cast, but a little less powerful. [a cacodemon]
 28069 | Elf:3    | Noticed a Shadow Fiend
 28130 | Elf:3    | Gained mutation: You are completely covered in sharp spines. [demonic ancestry]
 28130 | Elf:3    | Reached XP level 17. HP: 72/126 MP: 32/32
 28133 | Elf:3    | Noticed a deep elf blademaster
 28137 | Elf:3    | Noticed a deep elf master archer
 28145 | Elf:3    | Killed a deep elf blademaster
 28149 | Elf:3    | Killed a deep elf master archer
 28180 | Elf:3    | Noticed a Hell Sentinel
 28196 | Elf:3    | Noticed a deep elf blademaster
 28203 | Elf:3    | Killed a deep elf blademaster
 28262 | Elf:3    | Got a smoking marble ring
 28406 | Elf:3    | Got a pitted ring mail
 28557 | Elf:3    | Identified the ring "Ghaul" {rPois Str+3 Dex-3 Stlth+} (You took it off a deep elf sorcerer on level 3 of the Elven Halls)
 29031 | Orc:4    | Bought a book of Minor Magic for 360 gold pieces
 29034 | Orc:4    | Learned a level 2 spell: Blink
 29037 | Orc:4    | Learned a level 2 spell: Repel Missiles
 29283 | Spider:1 | Entered Level 1 of the Spider Nest
 29292 | Spider:1 | Reached skill level 1 in Translocations
 29528 | Spider:1 | Got a serpentine glass ring
 29530 | Spider:1 | Identified the ring of Pluto {-Cast +Blink +Fly rF+ AC+2 Slay+2} (You found it on level 1 of the Spider Nest)
 29700 | Spider:1 | Reached skill level 5 in Translocations
 30270 | Spider:2 | Got a spiked leather armour
 30271 | Spider:2 | Identified the +1 leather armour of the Apprentice {+Inv Stlth+} (You found it on level 2 of the Spider Nest)
 30592 | Spider:3 | Learned a level 3 spell: Flight
 30618 | Spider:3 | Gained mutation: You resist negative energy. [demonic ancestry]
 30618 | Spider:3 | Reached XP level 18. HP: 132/132 MP: 34/34
 31514 | Spider:4 | Reached skill level 10 in Translocations
 31824 | Spider:5 | Entered Level 5 of the Spider Nest
 31867 | Spider:5 | Got a blackened helmet
 31878 | Spider:5 | Identified the -1 helmet "Biprakux" {+Inv rPois Str+2 Stlth+} (You acquired it on level 5 of the Spider Nest)
 32363 | Spider:5 | Got a gossamer rune of Zot
 32372 | Spider:5 | Learned a level 7 spell: Controlled Blink
 32382 | Spider:5 | Learned a level 9 spell: Singularity
 33710 | D:12     | Found Plidioda's Jewellery Shop.
 33755 | D:12     | Killed an unseen horror
 34380 | D:13     | Found Diug's Elemental Accessories.
 34457 | D:13     | Noticed Psyche
 34459 | D:13     | Killed Psyche
 34592 | D:13     | Found a gate to the Vaults.
 34596 | D:13     | Reached XP level 19. HP: 138/138 MP: 14/34
 34667 | D:13     | Got an ancient scale mail
 34668 | D:13     | Identified the cursed -3 scale mail of Hisi Mni {rElec rN+ Regen+ Slay-2} (You found it on level 13 of the Dungeon)
 34822 | D:13     | Found Cicioted's Book Boutique.
 34988 | D:14     | Found a shattered altar of Ashenzari.
 35186 | D:14     | Found an opulent altar of Gozag.
 35603 | D:15     | Entered Level 15 of the Dungeon
 35999 | D:15     | Noticed Roxanne
 36029 | D:15     | Killed Roxanne
 36297 | D:15     | Found a staircase to the Depths.
 36691 | Swamp:1  | Entered Level 1 of the Swamp
 36967 | Swamp:1  | Reached skill level 15 in Translocations
 37273 | Swamp:2  | Noticed Wiglaf
 37286 | Swamp:2  | Killed Wiglaf
 37392 | Swamp:2  | Noticed Asterion
 37403 | Swamp:2  | Killed Asterion
 37936 | Swamp:2  | Got a wavering pewter ring
 37937 | Swamp:2  | Identified the ring "Cruich" {+/*Tele rPois} (You found it on level 2 of the Swamp)
 38320 | Swamp:3  | Got a pair of ancient gloves
 38331 | Swamp:3  | Identified the +4 pair of gloves of Intercession {Dex+4 SInv} (You acquired it on level 3 of the Swamp)
 38629 | Swamp:3  | Found a shattered altar of Ashenzari.
 38873 | Swamp:4  | Noticed Frances
 38879 | Swamp:4  | Killed Frances
 38906 | Swamp:4  | Noticed Louise
 38915 | Swamp:4  | Killed Louise
 39558 | Swamp:5  | Entered Level 5 of the Swamp
 39623 | Swamp:5  | Got a turquoise-encrusted scale mail
 39624 | Swamp:5  | Identified the +5 scale mail of the Journeyman {+Blink} (You found it on level 5 of the Swamp)
 39722 | Swamp:5  | Gained mutation: You are somewhat able to resist unholy torments (1 in 2 success). [demonic ancestry]
 39722 | Swamp:5  | Reached XP level 20. HP: 131/145 MP: 24/35
 39755 | Swamp:5  | Got a decaying rune of Zot
 40525 | D:4      | Bought the cursed ring of Chutteal {Contam +Fly Str+6 Int+7 Dex-2} for 300 gold pieces
 40528 | D:4      | Bought the amulet of Enirytza {Ward rElec rF+ rN+ Dex+2} for 442 gold pieces
 40814 | D:12     | Bought an uncursed ring of wizardry for 420 gold pieces
 40866 | Vaults:1 | Entered Level 1 of the Vaults
 41474 | Vaults:1 | Reached skill level 10 in Spellcasting
 42271 | Vaults:2 | Noticed Donald
 42277 | Vaults:2 | Killed Donald
 43070 | Vaults:2 | Noticed Rupert
 43076 | Vaults:2 | Killed Rupert
 43219 | Vaults:3 | Gained mutation: You can steal the life force of defeated enemies. [demonic ancestry]
 43219 | Vaults:3 | Reached XP level 21. HP: 150/150 MP: 38/38
 43240 | Vaults:3 | Found Jurausk's Antique Armour Shoppe.
 43299 | Vaults:3 | Found a flickering gateway to a bazaar.
 43343 | Bazaar   | Entered a bazaar
 43344 | Bazaar   | Found Netadof's General Store.
 43352 | Bazaar   | Found Klixeghe's Armour Boutique.
 43357 | Bazaar   | Found Treutugi's Distillery.
 43368 | Bazaar   | Found Saar's Gadget Shoppe.
 43374 | Bazaar   | Found Roawkat's Assorted Antiques.
 43400 | Bazaar   | Bought a potion of experience for 850 gold pieces
 43400 | Bazaar   | Gained mutation: Your melee attacks sometimes drain vitality from your foes. [demonic ancestry]
 43400 | Bazaar   | Reached XP level 22. HP: 157/157 MP: 39/39
 43446 | Bazaar   | Gained mutation: Space occasionally distorts in your vicinity. [mutagenic glow]
 43745 | Bazaar   | Cast into the Abyss (a distortion unwield)
 43760 | Abyss:1  | Found a corrupted altar of Lugonu.
 43985 | Abyss:1  | Reached skill level 19 in Translocations
 44017 | Abyss:1  | Found a corrupted altar of Lugonu.
 44099 | Abyss:1  | Found a sacrificial altar of Ru.
 45122 | Abyss:1  | Found a corrupted altar of Lugonu.
 45261 | Abyss:3  | Gained mutation: You tend to lose your temper in combat. [mutagenic meat]
 45264 | Abyss:3  | Gained mutation: Your muscles are strong. (Str +2) [mutagenic meat]
 45265 | Abyss:3  | Gained mutation: Your spells are easier to cast, but less powerful. [mutagenic meat]
 45267 | Abyss:3  | Gained mutation: Your natural rate of healing is unusually fast. [mutagenic meat]
 45272 | Abyss:3  | Lost mutation: Your natural rate of healing is unusually fast. [mutagenic meat]
 45275 | Abyss:3  | Gained mutation: You can spit poison. [mutagenic meat]
 45276 | Abyss:3  | Gained mutation: Your system is resistant to poisons. [mutagenic meat]
 45280 | Abyss:3  | Gained mutation: You can breathe flames. [mutagenic meat]
 45356 | Abyss:3  | Got an abyssal rune of Zot
 45440 | Abyss:3  | Learned a level 8 spell: Disjunction
 45448 | Abyss:3  | Learned a level 7 spell: Malign Gateway
 45557 | Abyss:3  | Found a corrupted altar of Lugonu.
 45608 | Bazaar   | Escaped the Abyss
 45622 | Bazaar   | Bought a +2 robe of the Archmagi for 339 gold pieces
 45664 | Bazaar   | Bought a scroll of enchant armour for 67 gold pieces
 45910 | Vaults:3 | Reached skill level 20 in Translocations
 46056 | Vaults:3 | Lost mutation: Your system is resistant to poisons. [potion of cure mutation]
 46056 | Vaults:3 | Lost mutation: Your muscles are strong. (Str +2) [potion of cure mutation]
 46056 | Vaults:3 | Lost mutation: You tend to lose your temper in combat. [potion of cure mutation]
 46056 | Vaults:3 | Lost mutation: Space occasionally distorts in your vicinity. [potion of cure mutation]
 46149 | Vaults:3 | Reached skill level 1 in Charms
 46236 | Vaults:3 | Reached skill level 1 in Air Magic
 46292 | Vaults:3 | Found a staircase to the Crypt.
 46871 | Vaults:4 | Gained mutation: You can steal the life force of all defeated enemies in sight. [demonic ancestry]
 46871 | Vaults:4 | Reached XP level 23. HP: 163/163 MP: 41/41
 47440 | Vaults:4 | Reached skill level 10 in Armour
 47890 | Vaults:5 | Entered Level 5 of the Vaults
 47900 | Vaults:5 | Reached skill level 15 in Spellcasting
 47950 | Vaults:5 | Noticed casual's ghost (great DsFi)
 48162 | Vaults:5 | Reached skill level 21 in Translocations
 48162 | Vaults:5 | Reached XP level 24. HP: 170/170 MP: 7/42
 48586 | Vaults:5 | Killed casual's ghost
 48831 | Vaults:5 | Got a transparent iron ring
 48834 | Vaults:5 | Identified the ring "Vati Khue" {Contam MR+ Str+3 Int+6 Dex+3} (You took it off an ironheart preserver on level 5 of the Vaults)
 48857 | Vaults:5 | Noticed an ancient lich
 48861 | Vaults:5 | Killed an ancient lich
 48938 | Vaults:5 | Got a scintillating ruby amulet
 48962 | Vaults:5 | Identified the amulet of Fatyggiv {rCorr -Cast rPois Dex+4 Stlth+} (You found it on level 5 of the Vaults)
 49015 | Vaults:5 | Learned a level 5 spell: Phase Shift
 49020 | Vaults:5 | Got a silver rune of Zot
 49831 | D:13     | Bought a Necronomicon for 1104 gold pieces
 49934 | Depths:1 | Entered Level 1 of the Depths
 50077 | D:13     | Bought a Fen Folio for 750 gold pieces
 50080 | D:13     | Learned a level 2 spell: Corpse Rot
 50214 | Depths:1 | Found a one-way gate to the infinite horrors of the Abyss.
 50216 | Depths:1 | Reached skill level 1 in Necromancy
 50288 | Depths:1 | Found a gateway to Hell.
 50318 | Depths:1 | Found a one-way gate leading to the halls of Pandemonium.
 50337 | Depths:1 | Reached skill level 5 in Necromancy
 51251 | Depths:2 | Reached skill level 10 in Necromancy
 51586 | Lair:3   | Learned a level 8 spell: Necromutation
 51774 | Orc:4    | Bought a runed buckler for 144 gold pieces
 52168 | Depths:2 | Found a gateway to a ziggurat.
 52331 | Depths:2 | Reached XP level 25. HP: 177/177 MP: 43/43
 52579 | Depths:3 | Reached skill level 5 in Charms
 52618 | Depths:3 | Reached skill level 5 in Air Magic
 52697 | Depths:3 | Noticed Frederick
 52707 | Depths:3 | Killed Frederick
 52727 | Depths:3 | Reached skill level 1 in Transmutations
 53106 | Depths:3 | Found a deep blue altar of Sif Muna.
 53252 | Depths:3 | Reached skill level 5 in Transmutations
 53686 | Depths:4 | Got a silken robe
 53697 | Depths:4 | Identified the +5 robe of Conscience {rF- rN+ MP+9 Int+2} (You acquired it on level 4 of the Depths)
 53728 | Depths:4 | Noticed Mennas
 53749 | Depths:4 | Killed Mennas
 54044 | Depths:4 | Noticed Boris
 54052 | Depths:4 | Killed Boris
 54135 | Depths:4 | Noticed Mara
 54144 | Depths:4 | Noticed casual's illusion
 54150 | Depths:4 | Killed Mara
 54153 | Depths:4 | Killed Mara
 54165 | Depths:4 | Killed Mara
 54166 | Depths:4 | Noticed casual's illusion
 54308 | Depths:4 | Found Kleif's General Store.
 54315 | Depths:4 | Noticed Jory
 54324 | Depths:4 | Killed Jory
 54327 | Depths:4 | Got a heavily runed leather armour
 54328 | Depths:4 | Identified the cursed -2 leather armour of the First Snow {rElec rC++ Int-2} (You found it on level 4 of the Depths)
 54666 | Depths:4 | Got a blackened chain mail
 54667 | Depths:4 | Identified the +2 chain mail of the Queen {rElec rF- Regen+ Int+5} (You found it on level 4 of the Depths)
 54815 | Depths:5 | Entered Level 5 of the Depths
 54850 | Depths:5 | Noticed Sojobo
 54873 | Depths:5 | Killed Sojobo
 54886 | Depths:5 | Reached skill level 10 in Transmutations
 54965 | Depths:5 | Found a gate to the Realm of Zot.
 55568 | Depths:5 | Found a portal to a secret trove of treasure.
 55626 | Depths:5 | Reached XP level 26. HP: 162/184 MP: 43/43
 55631 | Depths:5 | Found Inaur's Serpentskin Sales.
 55827 | Depths:5 | You paid a toll of 2 potions of cure mutation to enter a treasure trove
 55828 | Trove    | Entered a treasure trove
 55852 | Trove    | Got a slimy bronze ring
 55854 | Trove    | Got a pair of brightly glowing gloves
 55863 | Trove    | Identified the ring of the Queen {rF+ Int+3 Dex+3} (You found it in a treasure trove)
 55865 | Trove    | Identified the +2 pair of gloves of Devotion {Regen+} (You found it in a treasure trove)
 56082 | Hell     | Entered the Vestibule of Hell
 56082 | Hell     | Noticed Geryon
 56094 | Hell     | Killed Geryon
 56110 | Hell     | Paralysed by the power of Zot for 3 turns
 56625 | D:13     | Bought the Papyrus of Ice for 468 gold pieces
 56839 | Hell     | p0werm0de: ??
 56842 | Hell     | Found a gateway to the ashen valley of Gehenna.
 56843 | Hell     | p0werm0de: ;D
 56994 | Hell     | p0werm0de: 0.16
 56996 | Hell     | p0werm0de: wats this
 57080 | Hell     | Found a gateway to the decaying netherworld of Tartarus.
 57143 | Hell     | p0werm0de: the zig char not?
 57148 | Hell     | Found a gateway to the freezing wastes of Cocytus.
 57228 | Hell     | Found a gateway to the Iron City of Dis.
 57822 | D:4      | Bought an uncursed amulet of resist mutation for 440 gold pieces
 58392 | Depths:4 | Bought a scroll of amnesia for 49 gold pieces
 58397 | Depths:4 | Learned a level 3 spell: Ozocubu's Armour
 58770 | Crypt:1  | Entered Level 1 of the Crypt
 58909 | Crypt:1  | Noticed Margery
 58929 | Crypt:1  | Killed Margery
 60331 | Crypt:3  | Entered Level 3 of the Crypt
 60331 | Crypt:3  | Noticed casual's ghost (great DsFi)
 60354 | Crypt:3  | Killed casual's ghost
 60591 | Crypt:3  | Found an ancient bone altar of Kikubaaqudgha.
 60607 | Crypt:3  | Reached XP level 27. HP: 189/189 MP: 41/44
 60613 | Crypt:3  | Reached skill level 10 in Shields
 60841 | Crypt:3  | Got a faintly glowing pearl dragon armour
 60842 | Crypt:3  | Identified the +0 pearl dragon armour of the Orb {-Tele rF+ rC+ rN+} (You found it on level 3 of the Crypt)
 60928 | Crypt:3  | Found a staircase to the Tomb.
 61384 | Crypt:3  | Got a shimmering brass ring
 61385 | Crypt:3  | Identified the ring "Xaocheam" {-Tele +Fly rElec rC+ rN+ Str+5} (You found it on level 3 of the Crypt)
 61387 | Crypt:3  | Got a wavering copper ring
 61388 | Crypt:3  | Identified the ring "Jodoso Psyec" {rElec rF+ rN+ MP+9 Dex+4} (You found it on level 3 of the Crypt)
 62025 | Slime:1  | Entered Level 1 of the Pits of Slime
 62159 | Slime:6  | Entered Level 6 of the Pits of Slime
 62443 | Slime:6  | Found a viscous altar of Jiyva.
 62449 | Slime:6  | Noticed the royal jelly
 62463 | Slime:6  | Killed the royal jelly
 62540 | Slime:6  | Got a heavily runed plate armour
 62579 | Slime:6  | Identified Smoduati's Almanac of Hurtful Malediction
 62659 | Slime:6  | Got a spiked shield
 62671 | Slime:6  | Got a slimy rune of Zot
 62674 | Slime:6  | Got a spiked chain mail
 62717 | Slime:6  | Identified the +6 shield of the Beginning {Str-3 Int+4} (You found it on level 6 of the Pits of Slime)
 62738 | Slime:6  | Identified the +2 plate armour of Fallacy {rElec rPois} (You found it on level 6 of the Pits of Slime)
 62750 | Slime:6  | Identified the +4 chain mail of Plasticity {+Blink rF+} (You found it on level 6 of the Pits of Slime)
 63418 | Tomb:1   | Entered Level 1 of the Tomb of the Ancients
 63591 | Tomb:1   | Reached skill level 15 in Shields
 63716 | Tomb:1   | Noticed Boris
 63724 | Tomb:1   | Killed Boris
 64729 | Tomb:2   | Reached skill level 15 in Invocations
 65505 | Tomb:1   | Reached skill level 1 in Stealth
 65517 | Tomb:1   | Reached skill level 10 in Fighting
 65720 | Tomb:1   | Reached skill level 15 in Transmutations
 66191 | Tomb:3   | Entered Level 3 of the Tomb of the Ancients
 66208 | Tomb:3   | Reached skill level 15 in Necromancy
 66896 | Tomb:3   | Got a sheer robe
 67062 | Tomb:3   | Noticed an ancient lich
 67080 | Tomb:3   | Killed an ancient lich
 67110 | Tomb:3   | Got a golden rune of Zot
 67149 | Tomb:3   | Got a scorched plate armour
 67203 | Tomb:3   | Learned a level 1 spell: Apportation
 67222 | Tomb:3   | Identified the Disquisition on Boosts and Feathers
 67271 | Tomb:3   | Got a faintly glowing double sword
 67272 | Tomb:3   | Identified the cursed -2 double sword of Tender Mercy {slice, MP+9 Str+5} (You found it on level 3 of the Tomb of the Ancients)
 67274 | Tomb:3   | Identified the cursed -4 plate armour of Freedom {rPois MP-9 Int+3 Dex-3 Slay+2} (You found it on level 3 of the Tomb of the Ancients)
 69003 | Depths:4 | Reached skill level 1 in Evocations
 69006 | Depths:4 | Bought a scroll of enchant weapon for 105 gold pieces
 69388 | Elf:1    | Bought a scroll of enchant weapon for 255 gold pieces
 69388 | Elf:1    | Bought a transparent plate armour for 952 gold pieces
 69388 | Elf:1    | Bought a potion of heal wounds for 170 gold pieces
 69388 | Elf:1    | Bought a scroll of teleportation for 102 gold pieces
 69388 | Elf:1    | Bought a scroll of blinking for 255 gold pieces
 69388 | Elf:1    | Bought a fizzy yellow potion for 30 gold pieces
 69388 | Elf:1    | Gained mutation: You can breathe fire. [potion of beneficial mutation]
 69998 | Crypt:1  | Identified the cursed -3 plate armour "Wywuch" {+Inv Str+6 Int-4 Dex+4} (You bought it in a shop on level 1 of the Elven Halls)
 70228 | D:12     | Bought the ring "Caisuhie" {SustAb Dex+3 Stlth+} for 470 gold pieces
 71683 | Zig:1    | Entered Level 1 of a ziggurat
 71705 | Zig:2    | Entered Level 2 of a ziggurat
 71787 | Zig:3    | Entered Level 3 of a ziggurat
 71800 | Zig:3    | Reached skill level 5 in Stealth
 71863 | Zig:4    | Entered Level 4 of a ziggurat
 71930 | Zig:5    | Entered Level 5 of a ziggurat
 71982 | Zig:6    | Entered Level 6 of a ziggurat
 72034 | Zig:7    | Entered Level 7 of a ziggurat
 72157 | Zig:8    | Entered Level 8 of a ziggurat
 72224 | Zig:8    | Identified Gouxusch's Catalogue of Orientation and Envenoming (You found it on level 8 of a ziggurat)
 72230 | Zig:9    | Entered Level 9 of a ziggurat
 72368 | Zig:10   | Entered Level 10 of a ziggurat
 72419 | Zig:10   | Identified Rereczao's Disquisition on Poison and Flight (You found it on level 10 of a ziggurat)
 72487 | Zig:11   | Entered Level 11 of a ziggurat
 72544 | Zig:11   | Learned a level 3 spell: Regeneration
 72547 | Zig:11   | Identified the Incunabulum of Shifting Earth
 72585 | Zig:12   | Entered Level 12 of a ziggurat
 72639 | Zig:12   | Learned a level 4 spell: Control Teleport
 72644 | Zig:12   | Got a crude broad axe
 72645 | Zig:12   | Identified the -2 broad axe of Fee Simple {elec, Noisy MR+ Dex+2} (You acquired it on level 12 of a ziggurat)
 72649 | Zig:12   | Identified Ozocubu's Almanac of Damaging Ice (You found it on level 12 of a ziggurat)
 72655 | Zig:12   | Got a distressingly furry leather armour
 72717 | Zig:13   | Entered Level 13 of a ziggurat
 73057 | Zig:13   | Got a fine steel ring
 73058 | Zig:13   | Identified the ring "Lyumpesk" {rPois rN+ AC+2 Str+2 Slay+2} (You found it on level 13 of a ziggurat)
 73092 | Zig:14   | Entered Level 14 of a ziggurat
 73107 | Zig:14   | Noticed an ancient lich
 73110 | Zig:14   | Noticed an ancient lich
 73113 | Zig:14   | Killed an ancient lich
 73117 | Zig:14   | Killed an ancient lich
 73131 | Zig:14   | Got a coiled iron amulet
 73134 | Zig:14   | Identified the amulet of Creativity {Inacc +Fly rPois Int-3} (You found it on level 14 of a ziggurat)
 73137 | Zig:14   | Got a clouded bone ring
 73138 | Zig:14   | Identified the ring of the Exiled Dances {rPois MR+ Int-4 Stlth+} (You found it on level 14 of a ziggurat)
 73149 | Zig:14   | Got a spiked buckler
 73160 | Zig:14   | Identified the +3 buckler of the Exiled Realms {Str+4} (You found it on level 14 of a ziggurat)
 73293 | Zig:15   | Entered Level 15 of a ziggurat
 73300 | Zig:15   | Noticed an ancient lich
 73305 | Zig:15   | Reached skill level 5 in Evocations
 73313 | Zig:15   | Killed an ancient lich
 73383 | Zig:15   | Got an ichor-stained robe
 73387 | Zig:15   | Got a warped crystal amulet
 73393 | Zig:15   | Identified the amulet "Plog" {Ward rN+ MP+9} (You found it on level 15 of a ziggurat)
 73399 | Zig:15   | Identified the Collected Works on Feathery Contamination (You found it on level 15 of a ziggurat)
 73460 | Zig:16   | Entered Level 16 of a ziggurat
 73549 | Zig:16   | Identified the Compendium of the Assistive Voyage (You found it on level 16 of a ziggurat)
 73622 | Zig:17   | Entered Level 17 of a ziggurat
 73629 | Zig:17   | Noticed Blefuwkuyne the pandemonium lord
 73629 | Zig:17   | Noticed Vetog the pandemonium lord
 73629 | Zig:17   | Noticed Steotsy the pandemonium lord
 73631 | Zig:17   | Noticed Nieck the pandemonium lord
 73632 | Zig:17   | Noticed Neowoh the pandemonium lord
 73638 | Zig:17   | Noticed Ogogor the pandemonium lord
 73638 | Zig:17   | Killed Blefuwkuyne the pandemonium lord
 73638 | Zig:17   | Reached skill level 10 in Evocations
 73639 | Zig:17   | Noticed Rybb the pandemonium lord
 73639 | Zig:17   | Killed Nieck the pandemonium lord
 73640 | Zig:17   | Noticed Blam the pandemonium lord
 73641 | Zig:17   | Noticed Oxton the pandemonium lord
 73643 | Zig:17   | Killed Steotsy the pandemonium lord
 73643 | Zig:17   | Killed Vetog the pandemonium lord
 73650 | Zig:17   | Killed Rybb the pandemonium lord
 73656 | Zig:17   | Killed Ogogor the pandemonium lord
 73660 | Zig:17   | Killed Oxton the pandemonium lord
 73664 | Zig:17   | Killed Blam the pandemonium lord
 73664 | Zig:17   | Killed Neowoh the pandemonium lord
 73666 | Zig:17   | Noticed Ygholuji the pandemonium lord
 73673 | Zig:17   | Killed Ygholuji the pandemonium lord
 73687 | Zig:17   | Got a scorched platinum amulet
 73689 | Zig:17   | Got a steaming war axe
 73738 | Zig:17   | Identified the amulet "Acorri" {Spirit MR+ MP-9 Str+2 SInv} (You found it on level 17 of a ziggurat)
 73744 | Zig:17   | Got a flickering silver ring
 73746 | Zig:17   | Identified the ring "Cuanam" {+Fly rN+ MR+++ Int+4 Slay-4} (You found it on level 17 of a ziggurat)
 73927 | Zig:18   | Entered Level 18 of a ziggurat
 73942 | Zig:18   | Noticed an ancient lich
 73950 | Zig:18   | Noticed an ancient lich
 73951 | Zig:18   | Reached skill level 15 in Stealth
 73993 | Zig:18   | Killed an ancient lich
 74014 | Zig:18   | Identified Praih's Compendium of Bewitchment and Necromancy
 74022 | Zig:18   | Got a scorched glass ring
 74045 | Zig:18   | Identified the ring of Gozag's Supremacy {Str+3 Stlth+} (You found it on level 18 of a ziggurat)
 74053 | Zig:18   | Identified Ozocubu's Papyrus of the Frostbite (You found it on level 18 of a ziggurat)
 74154 | Zig:19   | Entered Level 19 of a ziggurat
 74388 | Zig:20   | Entered Level 20 of a ziggurat
 74400 | Zig:20   | Noticed an ancient lich
 74401 | Zig:20   | Noticed an ancient lich
 74403 | Zig:20   | Noticed an ancient lich
 74410 | Zig:20   | Noticed an ancient lich
 74410 | Zig:20   | Noticed an ancient lich
 74410 | Zig:20   | Noticed an ancient lich
 74413 | Zig:20   | Killed an ancient lich
 74416 | Zig:20   | Killed an ancient lich
 74421 | Zig:20   | Killed an ancient lich
 74427 | Zig:20   | Killed an ancient lich
 74465 | Zig:20   | Got an ichor-stained ring mail
 74472 | Zig:20   | Got a faintly humming helmet
 74484 | Zig:20   | Identified the cursed -1 helmet "Yqulic" {rElec rF+ Str+5 Int-5} (You found it on level 20 of a ziggurat)
 74520 | Zig:20   | Reached skill level 15 in Evocations
 74522 | Zig:20   | Gained mutation: Your mind is acute. (Int +2) [potion of beneficial mutation]
 74523 | Zig:20   | Got an ancient brass ring
 74524 | Zig:20   | Identified the cursed ring "Minuh" {+Fly MR+ MP-9 Str-3 Int+2} (You found it on level 20 of a ziggurat)
 74595 | Zig:21   | Entered Level 21 of a ziggurat
 74740 | Zig:21   | Identified Creceymi's Collected Works on Boosts and Translocation
 74751 | Zig:21   | Gained mutation: You are robust (+10% HP). [potion of beneficial mutation]
 74776 | Zig:21   | Got a polished large shield
 74787 | Zig:21   | Identified the cursed -2 large shield "Qexkih" {-Cast rPois Dex+2} (You found it on level 21 of a ziggurat)
 74934 | Zig:22   | Entered Level 22 of a ziggurat
 74986 | Zig:22   | Identified Sif Muna's Compendium of Lethal Air
 75027 | Zig:22   | Got a warped plate armour
 75038 | Zig:22   | Identified the +9 plate armour of the Volcano {rElec rC+ rN+ MP-9 Int-2} (You found it on level 22 of a ziggurat)
 75051 | Zig:22   | Identified the Volume of Curses
 75065 | Zig:22   | Identified the Almanac of Shape Shifting and the Rocks
 75089 | Zig:22   | Identified the Papyrus of the Oath (You found it on level 22 of a ziggurat)
 75216 | Zig:23   | Entered Level 23 of a ziggurat
 75246 | Zig:23   | Reached skill level 22 in Translocations
 75293 | Zig:23   | Reached skill level 23 in Translocations
 75317 | Zig:23   | Got a heavily runed lapis lazuli ring
 75481 | Zig:23   | Identified the Disquisition on Attacks (You found it on level 23 of a ziggurat)
 75481 | Zig:23   | Got an ancient lead ring
 75491 | Zig:23   | Identified the ring of Schopn Kinuhe {rC+ MR- Int+6 Slay+6 Stlth-} (You found it on level 23 of a ziggurat)
 75492 | Zig:23   | Identified the ring "Yqoawiax" {Contam rElec MP+9 Int-5 Dex+5} (You found it on level 23 of a ziggurat)
 75755 | Zig:24   | Entered Level 24 of a ziggurat
 75794 | Zig:24   | Noticed an ancient lich
 75826 | Zig:24   | Noticed an ancient lich
 75834 | Zig:24   | Noticed an ancient lich
 75838 | Zig:24   | Killed an ancient lich
 75841 | Zig:24   | Killed an ancient lich
 75878 | Zig:24   | Reached skill level 24 in Translocations
 75898 | Zig:24   | Killed an ancient lich
 76029 | Zig:24   | Noticed an ancient lich
 76048 | Zig:24   | Killed an ancient lich
 76062 | Zig:24   | Identified the Catalogue of Damaging Curses
 76066 | Zig:24   | Got a smoking silver ring
 76123 | Zig:24   | Identified the ring of the Demon Prince {Str+3 Int+2 SInv} (You found it on level 24 of a ziggurat)
 76158 | Zig:25   | Entered Level 25 of a ziggurat
 76207 | Zig:25   | HP: 1/218 [apis (28)]
 76207 | Zig:25   | Annihilated by an apis

Action                   |  1- 3 |  4- 6 |  7- 9 | 10-12 | 13-15 | 16-18 | 19-21 | 22-24 | 25-27 || total
-------------------------+-------+-------+-------+-------+-------+-------+-------+-------+-------++-------
Melee: War axe           |   138 |   161 |   248 |   521 |       |       |       |       |       ||  1068
       Dagger            |       |       |    48 |       |       |       |       |       |       ||    48
       Mace              |       |       |   224 |       |       |       |       |       |       ||   224
       Broad axe         |       |       |       |   152 |  1245 |  1130 |  1074 |  1289 |  3140 ||  8030
Throw: Stone             |       |     1 |       |       |       |       |       |       |       ||     1
 Cast: Repel Missiles    |       |       |       |       |       |     2 |     7 |     7 |       ||    16
       Flight            |       |       |       |       |       |       |     1 |       |       ||     1
       Singularity       |       |       |       |       |       |       |       |    33 |   120 ||   153
       Malign Gateway    |       |       |       |       |       |       |       |     1 |       ||     1
       Deflect Missiles  |       |       |       |       |       |       |       |     1 |    13 ||    14
       Necromutation     |       |       |       |       |       |       |       |       |   156 ||   156
       Ozocubu's Armour  |       |       |       |       |       |       |       |       |    78 ||    78
Invok: Slouch            |       |       |       |       |     7 |    25 |     3 |     5 |    18 ||    58
       Temporal Distorti |       |       |       |       |       |     1 |       |       |     7 ||     8
       Step From Time    |       |       |       |       |       |     1 |       |     1 |     1 ||     3
       Bend Time         |       |       |       |       |       |       |       |       |     2 ||     2
 Abil: Evoke Berserk Rag |       |       |     8 |     2 |       |       |       |       |       ||    10
       End Transformatio |       |       |       |       |       |       |       |       |     5 ||     5
Evoke: Wand              |       |       |     6 |    12 |       |    13 |       |       |     2 ||    33
       Staff of energy   |       |       |       |       |       |       |       |       |     6 ||     6
       Disc of storms    |       |       |       |       |       |       |       |       |     1 ||     1
  Use: Potion            |       |     5 |       |     6 |     3 |     2 |     1 |     5 |    17 ||    39
       Scroll            |       |     6 |     6 |    18 |    15 |    21 |     8 |    12 |    54 ||   140
 Stab: Paralysed         |       |       |     2 |       |       |       |       |     1 |       ||     3
       Confused          |       |       |     1 |       |       |     1 |     2 |       |       ||     4
       Invisible         |       |       |       |       |     2 |       |       |       |       ||     2
       Held in net/web   |       |       |       |       |     1 |       |       |       |       ||     1
       Distracted        |       |       |       |       |       |     2 |     2 |     9 |    52 ||    65
       Sleeping          |       |       |       |       |       |       |       |       |     2 ||     2
       Petrified         |       |       |       |       |       |       |       |       |     1 ||     1
  Eat: Chunk             |     2 |     6 |    19 |    21 |    22 |    18 |     8 |    23 |     5 ||   124
       Beef jerky        |       |     1 |       |     1 |     1 |     1 |     7 |     2 |     3 ||    16
       Pizza             |       |       |     2 |       |     1 |       |     1 |     1 |     1 ||     6
       Fruit             |       |       |       |     5 |     6 |    15 |     3 |     6 |     4 ||    39
       Royal jelly       |       |       |       |     1 |       |       |     1 |       |     2 ||     4
       Meat ration       |       |       |       |       |       |       |       |     5 |     3 ||     8
       Bread ration      |       |       |       |       |       |       |       |       |     3 ||     3
